 Dungeon Crawl Stone Soup version 0.23-a0-512-g50a8178 (webtiles) character file.

419 zishaf the Conjurer (level 6, -2/32 HPs)
             Began as a Tengu Fire Elementalist on Dec 5, 2018.
             Was an Initiate of Vehumet.
             Killed by the air
             ... invoked by a wind drake
             ... created by the adversity of Qazlal
              (11 damage)
             ... on level 5 of the Dungeon.
             The game lasted 00:12:17 (4720 turns).

zishaf the Conjurer (Tengu Fire Elementalist)       Turns: 4720, Time: 00:12:17

Health: -2/32      AC:  7    Str: 11    XL:     6   Next: 93%
Magic:  6/10       EV: 13    Int: 17    God:    Vehumet [......]
Gold:   156        SH:  0    Dex: 15    Spells: 3/9 levels left

rFire    x x x     SeeInvis .   (no weapon)
rCold    . . .     Gourm    .   (no shield)
rNeg     . . .     Faith    .   v - +0 leather armour
rPois    .         Spirit   .   (helmet restricted)
rElec    x         Reflect  .   (no cloak)
rCorr    .         Harm     .   (no gloves)
MR       .....                  (boots unavailable)
Stlth    ++........             (no amulet)
HPRegen  0.10/turn              q - +3 ring of strength
MPRegen  0.12/turn              b - +4 ring of protection

@: no status effects
A: beak, talons 3, [heat vulnerability 3], [electricity vulnerability], able to
fly 1
a: Fly, Renounce Religion


You were on level 5 of the Dungeon.
You worshipped Vehumet.
Vehumet was noncommittal.
You were not hungry.

You visited 2 branches of the dungeon, and saw 6 of its levels.

You collected 156 gold pieces.

Inventory:

Armour
 a - a +0 robe
 v - a +0 leather armour (worn)
Jewellery
 b - a +4 ring of protection (right hand)
 f - an uncursed ring of protection from magic
 j - an uncursed ring of poison resistance
 q - a +3 ring of strength (left hand)
Wands
 l - a wand of flame (14)
 o - a wand of iceblast (10)
Scrolls
 d - 2 scrolls of remove curse
 m - a scroll of enchant weapon
 p - 2 scrolls of amnesia {unknown}
 t - a scroll of identify
 u - a scroll of teleportation {unknown}
Potions
 e - a potion of berserk rage {unknown}
 g - 2 potions of agility {unknown}
 h - a potion of degeneration {unknown}
 i - 2 potions of might
 k - 3 potions of curing {unknown}
 n - 2 potions of heal wounds {unknown}
 r - a potion of cancellation {unknown}
Comestibles
 c - 5 rations


   Skills:
 + Level 1.7 Armour
 + Level 3.9 Dodging
 - Level 2.0 Stealth
 - Level 2.0 Spellcasting
 * Level 5.6 Conjurations
 * Level 5.6 Fire Magic


You had 3 spell levels left.
You knew the following spells:

 Your Spells              Type           Power        Failure   Level  Hunger
a - Flame Tongue          Conj/Fire      ###..        2%          1    #......
b - Throw Flame           Conj/Fire      ###...       3%          2    ###....
c - Conjure Flame         Conj/Fire      ###.....     8%          3    ###....

Your spell library contained the following spells:

 Spells                   Type           Power        Failure   Level  Hunger
 Inner Flame              Hex/Fire       ##......     24%         3    ###....
 Sticky Flame             Conj/Fire      ###.....     26%         4    #####..
 Fireball                 Conj/Fire      ###.......   56%         5    ######.


Dungeon Overview and Level Annotations

Branches:
Dungeon (5/15)             Temple (1/1) D:4

Altars:
Cheibriados
Elyvilon
Okawaru
Qazlal
Ru
Sif Muna
Trog
Uskayaw
Vehumet
Wu Jian
Yredelemnul
Lugonu


Innate Abilities, Weirdness & Mutations

You have a beak for a mouth.
You have claws for feet.
You can fly.
[You are extremely vulnerable to heat. (rF---)]
[You are vulnerable to electric shocks.]


Message History

Aim: a wind drake (lightly wounded, deflecting missiles, durably summoned)
The flame tongue hits the wind drake.
The wind drake is moderately wounded.
Casting: Flame Tongue (safe; 2% risk of failure)
Confirm with . or Enter, or press ? or * to list all spells.
Aiming: Flame Tongue (safe; 2% risk of failure)
Press: ? - help, Shift-Dir - straight line, f/p - wind drake
Aim: a wind drake (moderately wounded, deflecting missiles, durably summoned)
The flame tongue hits the wind drake.
The wind drake is heavily wounded.
The wind drake exhales a fierce blast of wind!
Casting: Flame Tongue (safe; 2% risk of failure)
Confirm with . or Enter, or press ? or * to list all spells.
Aiming: Flame Tongue (safe; 2% risk of failure)
Press: ? - help, Shift-Dir - straight line, f/p - wind drake
Aim: a wind drake (heavily wounded, deflecting missiles, catching its breath, The flame tongue misses the wind drake.
The wind drake flaps its wings at you. The air twists around and strikes you!
You die... #.##### #...k@# #######

You could see a wind drake.

Vanquished Creatures
  An ogre (D:4)
  2 orc priests (D:4)
  A hound (D:2)
  A bullfrog skeleton (D:3)
  An orc wizard (D:3)
  A worker ant (D:4)
  5 adders
  An ooze (D:2)
  3 worms
  4 dart slugs
  5 leopard geckos
  4 orcs
  4 giant cockroaches
  6 goblins
  10 hobgoblins
  A quokka (D:3)
  A ball python (D:2)
  13 bats
  2 frilled lizards
  2 gnoll zombies (D:2)
  7 kobolds
  A leopard gecko zombie (D:4)
  8 rats
84 creatures vanquished.

Vanquished Creatures (others)
  An orc wizard (D:4)
1 creature vanquished.

Grand Total: 85 creatures vanquished

Notes
Turn   | Place    | Note
-------+----------+-------------------------------------------
     0 | D:1      | zishaf the Tengu Fire Elementalist began the quest for the
                  | Orb.
     0 | D:1      | Reached XP level 1. HP: 10/10 MP: 4/4
   271 | D:1      | Reached XP level 2. HP: 15/15 MP: 3/6
   297 | D:1      | Learned a level 2 spell: Throw Flame
   694 | D:1      | Reached XP level 3. HP: 19/19 MP: 2/7
  1389 | D:2      | Reached XP level 4. HP: 24/24 MP: 0/8
  1955 | D:2      | Found a basalt altar of Yredelemnul.
  2087 | D:2      | Found an ornate altar of the Wu Jian Council.
  2104 | D:2      | Found a white marble altar of Elyvilon.
  2106 | D:2      | Gained mutation: You can fly. [Tengu growth]
  2106 | D:2      | Reached XP level 5. HP: 28/28 MP: 6/9
  3014 | D:3      | Reached skill level 5 in Fire Magic
  3374 | D:4      | Reached XP level 6. HP: 32/32 MP: 0/10
  3505 | D:4      | Found a staircase to the Ecumenical Temple.
  3512 | Temple   | Entered the Ecumenical Temple
  3554 | Temple   | Became a worshipper of Qazlal Stormbringer
  3657 | D:4      | Reached skill level 1 in Armour
  3706 | D:4      | Found a radiant altar of Vehumet.
  3717 | D:4      | Fell from the grace of Qazlal
  3717 | D:4      | Became a worshipper of Vehumet
  3847 | D:4      | Learned a level 3 spell: Conjure Flame
  4185 | D:4      | Reached skill level 5 in Conjurations
  4638 | D:3      | Noticed a basilisk
  4638 | D:3      | Noticed a water elemental
  4679 | D:5      | Entered Level 5 of the Dungeon
  4717 | D:5      | Noticed a wind drake
  4720 | D:5      | Killed from afar by a wind drake

Vault maps used:
D:1:      minmay_arrival_four_circles, serial_glass, glass_columns_c,
          glass_columns_b
D:2:      lemuel_zombie_altar_yredelemnul, lemuel_crystal_altar,
          elyvilon_altar_5, chequers_garden
D:3:      first_ration, minmay_misc_feat_tower
D:4:      vehumet_altar_wand_db, minitemple, temple_green,
          kennysheep_generic_room_2
D:5:      minmay_evil_eye, gammafunk_temple_overflow_forgotten,
          gup_sewer_entry_bubbles, minmay_shop_damaged,
          nicolae_ru_sacrificial_ziggurat, uniq_prince_ribbit1,
          uniq_crazy_yiuf_cottage
Temple:   corrupted_temple

Skill      XL: |  1  2  3  4  5  6 |
---------------+-------------------+-----
Conjurations   | 2 3 4 5 |  5.6
Fire Magic     | 4 5 |  5.6
Dodging        | 3 |  3.9
Armour         | 1 |  1.7
Stealth        | |  2.0
Spellcasting   | |  2.0

Action                   |  1- 3 |  4- 6 || total
-------------------------+-------+-------++-------
Melee: Unarmed           |     3 |     6 ||     9
       Kick              |       |     1 ||     1
 Cast: Flame Tongue      |    49 |   120 ||   169
       Throw Flame       |     2 |    21 ||    23
  Use: Scroll            |       |     4 ||     4
 Stab: Sleeping          |       |     1 ||     1
  Eat: Chunk             |     2 |     8 ||    10
       Ration            |       |     2 ||     2
Armor: Robe              |     3 |    15 ||    18
       Leather armour    |       |     5 ||     5
Dodge: Dodged            |    12 |    47 ||    59

Table legend:
 A = Non-vault XP
 B = Vault XP
 C = Vault XP percentage of total XP
 D = Non-vault monster count
 E = Vault monster count
 F = Vault count percentage of total count
                 A         B        C        D         E       F
            +---------+---------+-------+---------+---------+-------
      Total |     595 |       4 |   0.7 |      82 |       3 |   3.5
            +---------+---------+-------+---------+---------+-------
        D:1 |      41 |       0 |   0.0 |      21 |       0 |   0.0
        D:2 |     141 |       3 |   2.1 |      28 |       2 |   6.7
        D:3 |     137 |       0 |   0.0 |      24 |       0 |   0.0
        D:4 |     276 |       1 |   0.4 |       9 |       1 |  10.0
            +---------+---------+-------+---------+---------+-------
